 Dungeon Crawl Stone Soup version 0.27-a0-668-gb5737ff2c0 (webtiles) character file.

Game seed: 18323921128451394691

18 kreisler the Sneak (level 2, -28/19 HPs)
             Began as an Octopode Brigand on Mar 17, 2021.
             Killed by an exploding jackal (36 damage)
             ... ignited by their inner flame
             ... on level 1 of the Dungeon.
             The game lasted 00:01:46 (886 turns).

kreisler the Sneak (Octopode Brigand)                Turns: 886, Time: 00:01:48

Health: -28/19     AC:  1    Str: 10    XL:     2   Next: 66%
Magic:  2/2        EV: 12    Int: 13    God:
Gold:   39         SH:  0    Dex: 13    Spells: 1/1 levels left

rFire    . . .     SeeInvis .   a - +2 dagger
rCold    . . .     Faith    .   (no shield)
rNeg     . . .     Spirit   .   (helmet restricted)
rPois    .         Reflect  .   (no amulet)
rElec    .         Harm     .   (no ring)
rCorr    .         Rampage  .   (no ring)
Will     .....                  (no ring)
Stlth    ++++......             (no ring)
HPRegen  0.06/turn              (no ring)
MPRegen  0.08/turn              (no ring)
                                (no ring)
                                (no ring)

@: no status effects
A: almost no armour, amphibious, 8 rings, camouflage 1, gelatinous body 1,
nimble swimmer 1, tentacles
a: no special abilities


You were on level 1 of the Dungeon.
You visited 1 branch of the dungeon, and saw 1 of its levels.

You collected 39 gold pieces.

Inventory:

Hand Weapons
 a - a +2 dagger (weapon)
Missiles
 b - 8 poisoned darts (quivered)
 c - 2 curare-tipped darts
Scrolls
 d - 2 scrolls of immolation
 e - a scroll of teleportation {unknown}
Potions
 f - a potion of flight {unknown}
 g - a potion of lignification {unknown}


   Skills:
 + Level 2.0 Fighting
 + Level 2.2 Short Blades
 + Level 2.0 Throwing
 + Level 1.0 Dodging
 + Level 6.2 Stealth


You had one spell level left.
You didn't know any spells.
Your spell library was empty.

Dungeon Overview and Level Annotations

Branches:
Dungeon (1/15)

Altars:

Shops:
D:1 =


Innate Abilities, Weirdness & Mutations

You cannot wear most types of armour.
You are amphibious.
You can wear up to eight rings at the same time.
Your skin changes colour to match your surroundings (Stealth+).
Your rubbery body absorbs attacks. (AC +1, EV +1)
You are stealthy while swimming. (Stealth+)
You have tentacles for arms and can constrict up to eight enemies at once.


Message History

The ooze quivers.
A jackal and a kobold come into view.
Found 22 stones and 6 gold pieces.
Found an escape hatch in the floor.
You barely miss the jackal. Your grab misses the jackal. The jackal misses you.
The jackal bites you.
A hobgoblin comes into view. It is wielding a +0 club.
The jackal barely misses you. The jackal barely misses you.
You hit the jackal. You grab the jackal. You squeeze the jackal.
You kill the jackal!
You barely miss the jackal. You grab the jackal. You constrict the jackal.
The jackal bites you but does no damage.
The jackal barely misses you.
You hit the jackal.
You kill the jackal!
The jackal bites you.
You closely miss the jackal. Your grab misses the jackal.
Your squeeze misses the jackal. The jackal bites you.
You barely miss the jackal. Your grab misses the jackal. The jackal bites you.
You hit the jackal. Your grab misses the jackal.
Your squeeze misses the jackal.
The jackal is severely wounded.
The jackal closely misses you.
The giant cockroach waves its antennae.
You barely miss the jackal. You grab the jackal.
The jackal is severely wounded.
You constrict the jackal. The jackal bites you. x2
As you read the scroll labelled XANIW SEMAOSAM, it crumbles to dust.
The creatures around you are filled with an inner flame!
It was a scroll of immolation.
You constrict the jackal, but do no damage.
The jackal barely misses you.
You hit the jackal.
The jackal explodes!
The fiery explosion engulfs the ooze!!!
The fiery explosion engulfs the giant cockroach!!
The fiery explosion engulfs the jackal!!
The fiery explosion engulfs you!!!
Ouch! That really hurt!
You die...

#.. #g #..
.#####. #..
$...... #..
.....(. #..
......h #..
....... ##.
......§####
#.
.....K§§@.#
#.
......§##.#
#. .......
#.# #.
>...... #.#
#. .......
#.# #.
....... #.#
#. #######
#.# #. #.#
#. #.# #.


You could see a kobold (inner flame).

Vanquished Creatures
  An ooze (D:1)
  2 bats (D:1)
  2 giant cockroaches (D:1)
  2 goblins (D:1)
  3 hobgoblins (D:1)
  4 jackals (D:1)
  2 frilled lizards (D:1)
  5 rats (D:1)
21 creatures vanquished.

Notes
Turn   | Place    | Note
-------+----------+-------------------------------------------
     0 | D:1      | kreisler the Octopode Brigand began the quest for the Orb.
     0 | D:1      | Reached XP level 1. HP: 14/14 MP: 1/1
   285 | D:1      | Found Qidgheqie's Jewellery Emporium.
   365 | D:1      | Reached XP level 2. HP: 19/19 MP: 2/2
   413 | D:1      | Reached skill level 6 in Stealth
   886 | D:1      | Killed by an exploding jackal... ignited by their inner
                  | flame

Illustrated notes

Levels and vault maps discovered:
D:1:      evilmike_arrival_home_sweet_home, layout_basic, serial_shops, shop,
          minmay_misc_feat_enclosed

Skill      XL: |  1  2 |
---------------+-------+-----
Stealth        | 6 |  6.2
Fighting       | |  2.0
Short Blades   | |  2.2
Throwing       | |  2.0
Dodging        | |  1.0

Action                   || total
-------------------------++-------
Melee: Dagger            ||    32
       Constrict         ||     8
       Tentacles         ||     2
  Use: Scroll            ||     1
 Stab: Sleeping          ||     7
Armor: Skin              ||     3
Dodge: Dodged            ||    14

Table legend: (Time is in decaauts)
 A = Elapsed time spent in this place.
 B = Non-inter-level travel time spent in this place.
 C = Inter-level travel time spent in this place.
 D = Time resting spent in this place.
 E = Time spent auto-exploring this place.
 F = Levels seen in this place.
 G = Mean time per level.
                   A        B        C        D        E       F      G
               +--------+--------+--------+--------+--------+-----+--------+
         Total |    882 |    882 |      0 |      0 |    741 |   1 |  882.0 |
       Dungeon |    882 |    882 |      0 |      0 |    741 |   1 |  882.0 |
               +--------+--------+--------+--------+--------+-----+--------+

Top non-repeatable levels by time:
     D:1: 882 daAuts
